 Dungeon Crawl Stone Soup version 0.30-a0-777-ga9a30cbeda (webtiles) character file.

Game seed: 6349210415105502305

427 retardedninja the Shield-Bearer (level 6, -3/90 HPs)
             Began as a Gargoyle Fighter on Feb 14, 2023.
             Slain by an iguana (8 damage)
             ... on level 4 of the Dungeon.
             The game lasted 00:05:19 (3222 turns).

retardedninja the Shield-Bearer (Gargoyle Fighter)  Turns: 3222, Time: 00:05:20

Health: -3/90      AC: 23    Str: 18 (21) XL:     6   Next: 97%
Magic:  6/6        EV:  2    Int:  6 (9)  God:
Gold:   193        SH:  4    Dex:  8 (9)  Spells: 5/5 levels left

rFire   + . .      SeeInvis .    a - +1 flail
rCold   + . .      Faith    .    c - +0 buckler
rNeg    + . .      Spirit   .    (body armour currently unavailable)
rPois   ∞          Reflect  .    (helmet currently unavailable)
rElec   +          Harm     .    (cloak currently unavailable)
rCorr   +          Rampage  .    (gloves currently unavailable)
Will    .....      NoTele   +    (boots currently unavailable) Stlth
                                 (no amulet)
HPRegen 0.35/turn                (no ring)
MPRegen 0.10/turn                (no ring)

@: berserking, tree-form, resistant, very quick
A: stationary, stasis, torment immunity, boosted hp, sickness immunity, AC +4,
negative energy resistance 1, (electricity resistance), torment resistance 1,
petrification resistance
a: no special abilities


You were on level 4 of the Dungeon.
You were a tree.
You visited 1 branch of the dungeon, and saw 5 of its levels.

You collected 193 gold pieces.

Inventory:

Hand Weapons
 a - a +1 flail (weapon)
Missiles
 i - 3 throwing nets (quivered)
Armour
 b - a +1 pair of gloves (melded)
 c - a +0 buckler (worn)
 s - a +0 plate armour (melded)
Scrolls
 g - a scroll of teleportation {unknown}
 h - 2 scrolls of magic mapping
 j - a scroll of identify {unknown}
 l - 3 scrolls of enchant weapon
 m - a scroll of immolation {unknown}
 p - a scroll of enchant armour
 t - a scroll of poison {unknown}
Potions
 d - a potion of invisibility {unknown}
 f - 4 potions of lignification
 k - a potion of degeneration
 n - a potion of resistance
 o - a potion of ambrosia {unknown}
 q - a potion of curing {unknown}


   Skills:
 + Level 5.0 Fighting
 + Level 3.9 Maces & Flails
 + Level 5.0 Armour
 + Level 5.0 Shields


You had 5 spell levels left.
You didn't know any spells.
Your spell library was empty.

Dungeon Overview and Level Annotations

Branches:
Dungeon (5/15)             Temple (0/1) D:4

Altars:
Hepliaklqana
Okawaru
Sif Muna


Innate Abilities, Weirdness & Mutations

You are a tree.
Your roots penetrate the ground, keeping you stationary.
You cannot be teleported.
You are immune to unholy pain and torment.
Your maximum health is greatly increased.
Your equipment is partially melded.
You are immune to sickness and miasma.
((Your stone body is resilient. (AC +4)))
You are immune to poison.
You resist negative energy. (rN+)
((You are resistant to electric shocks. (rElec)))
You are resistant to unholy torment.
You are immune to petrification.


Message History

You closely miss the adder.
The adder is severely wounded.
The adder bites you but does no damage.
The iguana bites you but does no damage.
The adder bites you but does no damage.
You hit the iguana.
The iguana is moderately wounded.
The iguana bites you!
* * * LOW HITPOINT WARNING * * *
The adder bites you but does no damage.
The iguana bites you but does no damage.
You hit the iguana.
The iguana is heavily wounded.
You block the adder's attack. The adder bites you but does no damage.
The iguana bites you but does no damage.
You hit the iguana.
The iguana is severely wounded.
The adder bites you.
* * * LOW HITPOINT WARNING * * *
The iguana barely misses you.
You barely miss the iguana.
The iguana is severely wounded.
The adder bites you but does no damage. The iguana completely misses you.
The adder bites you.
* * * LOW HITPOINT WARNING * * *
It was a potion of resistance.
You feel protected. The adder bites you but does no damage.
The iguana bites you.
* * * LOW HITPOINT WARNING * * *
It was a potion of degeneration.
There was something very wrong with that liquid.
You feel weakened.
You feel dopey.
You feel clumsy. The adder bites you but does no damage.
The iguana bites you but does no damage.
The adder bites you but does no damage.
Okay, then.
It was a potion of berserk rage.
A red film seems to cover your vision as you go berserk!
You feel yourself moving faster!
You feel mighty! The iguana bites you!
You die...

####### *,,,,,*
##########.....#########,,,,,*
#.......##.###.........+,,,,,+
#.......##.###.....#####,,,,,*
#.......+....#...### *,,,,,*
#.......##........# *,,,,,*
#....).........#..#########***
#........###l.S...........#
##+#.......>.♣............#
*,###.#.#...####....####.#
*,,...#.#..#........#....#
**#####.#..#......#.#.##.##
#.##...######.#.#...###
#.##...,,,,,......_....
*,,...##*,**#####...#.#
***#..#,,,*,,* ##.##.#
**...,,,,,** #....#


You could see an iguana and an adder.

Vanquished Creatures
  A phantom (D:4)
  2 orc priests
  A hound (D:4)
  11 gnolls
  6 adders
  3 worms
  2 dart slugs
  7 orcs
  10 endoplasms
  5 giant cockroaches
  3 goblins
  3 hobgoblins
  4 jackals (D:2)
  4 quokkas
  6 ball pythons
  12 bats
  2 frilled lizards
  4 kobolds
  3 rats (D:2)
89 creatures vanquished.

Notes
Turn   | Place    | Note
-------+----------+-------------------------------------------
     0 | D:1      | retardedninja the Gargoyle Fighter began the quest for the
                  | Orb.
     0 | D:1      | Reached XP level 1. HP: 14/14 MP: 1/1
   247 | D:1      | Reached XP level 2. HP: 16/19 MP: 2/2
   873 | D:2      | Found a hazy altar of Hepliaklqana.
   893 | D:2      | Reached XP level 3. HP: 24/24 MP: 3/3
  1208 | D:2      | Reached XP level 4. HP: 12/29 MP: 4/4
  1468 | D:2      | Reached XP level 5. HP: 25/33 MP: 5/5
  2203 | D:3      | Found a shimmering blue altar of Sif Muna.
  2424 | D:3      | Reached XP level 6. HP: 32/39 MP: 6/6
  3113 | D:4      | Found an iron altar of Okawaru.
  3177 | D:5      | Entered Level 5 of the Dungeon
  3209 | D:4      | Reached skill level 5 in Fighting
  3209 | D:4      | Reached skill level 5 in Armour
  3209 | D:4      | Reached skill level 5 in Shields
  3220 | D:4      | HP: 3/60 [iguana (3)]
  3222 | D:4      | Slain by an iguana

Illustrated notes

Levels and vault maps discovered:
D:1:      minmay_arrival_loop, layout_loops_corners
D:2:      layout_basic, basic_altar, grunt_ministairs_15, minmay_diced_spiral,
          uniq_crazy_yiuf_cottage
D:3:      layout_loops_corners, lemuel_blue_sif_altar
D:4:      layout_basic, nicolae_overflow_crystal_walls,
          minmay_temple_entry_offerings
D:5:      layout_basic, amcnicky_altar_gilded, gammafunk_temple_overflow_wave,
          mainiacjoe_overflow_brackets, minmay_puff

Skill      XL: |  1  2  3  4  5  6 |
---------------+-------------------+-----
Fighting       | 4 5 |  5.0
Armour         | 4 5 |  5.0
Shields        | 4 5 |  5.0
Maces & Flails | 3 |  3.9

Action                     |  1- 3 |  4- 6 || total
---------------------------+-------+-------++-------
  Melee: Flail             |    95 |   267 ||   362
    Use: Potion            |       |     8 ||     8
         Scroll            |       |     3 ||     3
 Armour: Scale mail        |    89 |   149 ||   238
         Plate armour      |       |    92 ||    92
         Skin              |       |    44 ||    44
  Dodge: Dodged            |    89 |   164 ||   253
  Block: Buckler           |    36 |   101 ||   137

Table legend: (Time is in decaauts)
 A = Elapsed time spent in this place.
 B = Non-inter-level travel time spent in this place.
 C = Inter-level travel time spent in this place.
 D = Time resting spent in this place.
 E = Time spent auto-exploring this place.
 F = Levels seen in this place.
 G = Mean time per level.
                   A        B        C        D        E       F      G
               +--------+--------+--------+--------+--------+-----+--------+
         Total |   3328 |   3222 |    106 |    221 |   2145 |   5 |  665.6 |
       Dungeon |   3328 |   3222 |    106 |    221 |   2145 |   5 |  665.6 |
               +--------+--------+--------+--------+--------+-----+--------+

Top non-repeatable levels by time:
     D:3: 1140 daAuts
     D:1: 1013 daAuts
     D:2: 944 daAuts
     D:4: 227 daAuts
     D:5: 1 daAuts
